 Dungeon Crawl Stone Soup version 0.24-a0-521-g122614bf49 (webtiles) character file.

Game seed: 3966983977042120852

478 Peloso the Shield-Bearer (level 6, -8/55 HPs)
             Began as a Minotaur Fighter on July 28, 2019.
             Mangled by an ice beast (13 damage)
             ... on level 5 of the Dungeon.
             The game lasted 00:08:33 (2674 turns).

Peloso the Shield-Bearer (Minotaur Fighter)         Turns: 2674, Time: 00:08:35

Health: -8/55      AC: 15    Str: 21    XL:     6   Next: 86%
Magic:  5/5        EV:  6    Int:  5    God:
Gold:   225        SH: 10    Dex: 11    Spells: 5/5 levels left

rFire    + . .     SeeInvis .   a - +0 long sword
rCold    . . .     Gourm    .   c - +0 shield
rNeg     . . .     Faith    .   n - +2 chain mail {rF+}
rPois    .         Spirit   .   (helmet restricted)
rElec    .         Reflect  .   (no cloak)
rCorr    .         Harm     .   i - +2 pair of gloves
MR       .....                  (no boots)
Stlth    ..........             (no amulet)
HPRegen  0.18/turn              o - ring of stealth
MPRegen  0.09/turn              (no ring)

@: no status effects
A: retaliatory headbutt, horns 2
a: no special abilities


You were on level 5 of the Dungeon.
You were not hungry.

You visited 1 branch of the dungeon, and saw 5 of its levels.

You collected 225 gold pieces.

Inventory:

Hand Weapons
 a - a +0 long sword (weapon)
Armour
 b - a +0 scale mail
 c - a +0 shield (worn)
 i - a +2 pair of gloves (worn)
 n - a +2 chain mail of fire resistance (worn)
 r - the +0 leather armour of Wariness {Str+5 Int-3 Dex+4}
   (You found it on level 4 of the Dungeon)

   It affects your strength (+5).
   It affects your intelligence (-3).
   It affects your dexterity (+4).
Jewellery
 o - a ring of stealth (left hand)
Wands
 p - a wand of random effects (17)
 s - a wand of polymorph (7)
Scrolls
 g - 4 scrolls of identify {unknown}
 h - a scroll of enchant weapon {unknown}
 j - 3 scrolls of remove curse
 l - 2 scrolls of amnesia {unknown}
 m - 2 scrolls of teleportation {unknown}
 q - a scroll of immolation {unknown}
 t - a scroll of fog {unknown}
Potions
 d - 5 potions of might
 k - a potion of heal wounds {unknown}
 u - a potion of magic {unknown}
 v - a potion of degeneration {unknown}
Comestibles
 f - 11 rations


   Skills:
 + Level 4.8 Fighting
 + Level 4.8 Long Blades
 + Level 5.6 Armour
 + Level 1.3 Dodging
 + Level 0.3 Stealth
 + Level 6.0 Shields


You had 5 spell levels left.
You didn't know any spells.
Your spell library was empty.

Dungeon Overview and Level Annotations

Branches:
Dungeon (5/15)
 Temple: D:4-7

Altars:
Gozag


Innate Abilities, Weirdness & Mutations

You reflexively headbutt those who attack you in melee.
You have a pair of horns on your head.


Message History

You block the gnoll's attack.
Unknown command.
It was a potion of mutation.
You feel extremely strange.
Your vision blurs.
Your regeneration stops near monsters.
You feel resistant to hostile enchantments.
You block the ice beast's attack. The gnoll completely misses you.
Really quaff the potion of mutation?
You feel extremely strange.
Your vision sharpens.
You feel less resistant to hostile enchantments.
You begin to regenerate regardless of the presence of monsters.
You feel stupid.
You feel clever. The ice beast barely misses you. You block the gnoll's attack.
You closely miss the gnoll. Your headbutt misses the gnoll.
The gnoll is heavily wounded.
The ice beast hits you but does no damage.
You block the gnoll's attack. The ice beast hits you.
* * * LOW HITPOINT WARNING * * *
The ice beast freezes you!
You die...

#.#.#.# #.# .#.#.#.#
#.#+ ...# #.#.#.#.#
#.#.# ...#
#.#.#.#.#.#.#+ ....#
#.#.#.#.#.#.# ....#
#.#.#.#.#.#+.....#
#.#.#.#)#.#.....#
#.<.#.#Y#......#
#.#.#.#.#@#
#.#.#.#.#.#g#
#.#.#.#.#.#....
#.#.#.#.#.#.#.....
#.#.#.#.#.#.#+.......
.#[#.#.#.# #. .......
.#.#.#.# #.####... .#
...


You could see an ice beast and a gnoll.

Vanquished Creatures
  An ogre (D:4)
  A gnoll sergeant (D:3)
  An orc priest (D:5)
  2 orc wizards (D:4)
  Jessica (D:3)
  A worker ant (D:4)
  A hound skeleton (D:4)
  3 adders
  5 gnolls
  An ooze (D:3)
  A worm (D:4)
  2 dart slugs
  2 leopard geckos (D:2)
  9 orcs
  A ball python (D:3)
  4 giant cockroaches
  3 goblins
  8 hobgoblins
  2 jackals (D:4)
  3 quokkas
  6 bats
  3 frilled lizards
  3 kobolds
  7 rats
71 creatures vanquished.

Vanquished Creatures (others)
  An orc wizard (D:5)
1 creature vanquished.

Grand Total: 72 creatures vanquished

Notes
Turn   | Place    | Note
-------+----------+-------------------------------------------
     0 | D:1      | Peloso the Minotaur Fighter began the quest for the Orb.
     0 | D:1      | Reached XP level 1. HP: 19/19 MP: 0/0
   173 | D:1      | Reached XP level 2. HP: 27/27 MP: 1/1
   555 | D:2      | Reached skill level 4 in Shields
   579 | D:2      | Reached XP level 3. HP: 27/33 MP: 2/2
   647 | D:2      | You fall into a shaft and drop 2 floors!
   815 | D:3      | Noticed Jessica
   821 | D:3      | Killed Jessica
   832 | D:3      | Reached XP level 4. HP: 32/40 MP: 3/3
   860 | D:2      | Found a faded altar of an unknown god.
  1188 | D:3      | Found an opulent altar of Gozag.
  1201 | D:3      | Reached skill level 1 in Dodging
  1633 | D:4      | Noticed an ogre
  1645 | D:4      | Killed an ogre
  1645 | D:4      | Reached XP level 5. HP: 33/47 MP: 4/4
  2024 | D:3      | Reached skill level 5 in Shields
  2103 | D:3      | Reached skill level 5 in Armour
  2103 | D:3      | Reached XP level 6. HP: 42/53 MP: 5/5
  2318 | D:4      | Got a steaming leather armour
  2329 | D:4      | Identified the cursed +0 leather armour of Wariness {Str+5
                  | Int-3 Dex+4} (You found it on level 4 of the Dungeon)
  2640 | D:5      | Entered Level 5 of the Dungeon
  2642 | D:5      | Noticed an ice beast
  2661 | D:5      | Reached skill level 6 in Shields
  2672 | D:5      | Gained mutation: Scrolls take you a little longer to read.
                  | [potion of mutation]
  2672 | D:5      | Gained mutation: You do not regenerate when monsters are
                  | visible. [potion of mutation]
  2672 | D:5      | Gained mutation: You are resistant to hostile enchantments.
                  | (MR+) [potion of mutation]
  2673 | D:5      | Lost mutation: Scrolls take you a little longer to read.
                  | [potion of mutation]
  2673 | D:5      | Lost mutation: You are resistant to hostile enchantments.
                  | (MR+) [potion of mutation]
  2673 | D:5      | Lost mutation: You do not regenerate when monsters are
                  | visible. [potion of mutation]
  2673 | D:5      | Gained mutation: You are dopey. (Int -2) [potion of
                  | mutation]
  2673 | D:5      | Lost mutation: You are dopey. (Int -2) [potion of mutation]
  2674 | D:5      | Mangled by an ice beast

Levels and vault maps discovered:
D:1:      sevenhm_arrival_forest_fort_small_6, layout_rooms, fountainhead,
          hex_medium, interstate_on_off, st_stairs_14
D:2:      layout_rooms, chequers_ecumenical_altar_simple_redux
D:3:      layout_loops_ring, nicolae_gozag_cash_rules_everything_around_me,
          kennysheep_jessica_study
D:4:      layout_basic, first_ration
D:5:      layout_basic, minmay_temple_entry_offerings,
          nicolae_qazlal_general_emergency

Skill      XL: |  1  2  3  4  5  6 |
---------------+-------------------+-----
Armour         | 4 5 |  5.6
Fighting       | 4 |  4.8
Shields        | 4 5 6 |  6.0
Long Blades    | 3 4 |  4.8
Dodging        | 1 |  1.3
Stealth        | |  0.3

Action                   |  1- 3 |  4- 6 || total
-------------------------+-------+-------++-------
Melee: Long sword        |    82 |   130 ||   212
       Headbutt          |    10 |    26 ||    36
  Use: Scroll            |     1 |     1 ||     2
       Potion            |       |     2 ||     2
 Stab: Sleeping          |       |     1 ||     1
  Eat: Chunk             |       |     6 ||     6
Armor: Scale mail        |    34 |       ||    34
       Chain mail        |    27 |    82 ||   109
Dodge: Dodged            |    38 |    34 ||    72
Block: Shield            |    58 |    90 ||   148
       Rpst.: Long sword |    11 |     5 ||    16

Table legend:
 A = Non-vault XP
 B = Vault XP
 C = Vault XP percentage of total XP
 D = Non-vault monster count
 E = Vault monster count
 F = Vault count percentage of total count
                 A         B        C        D         E       F
            +---------+---------+-------+---------+---------+-------
      Total |     643 |      41 |   6.0 |      69 |       3 |   4.2
            +---------+---------+-------+---------+---------+-------
        D:1 |      27 |       2 |   6.9 |      16 |       1 |   5.9
        D:2 |      36 |       0 |   0.0 |      13 |       0 |   0.0
        D:3 |     173 |      39 |  18.4 |      17 |       2 |  10.5
        D:4 |     302 |       0 |   0.0 |      17 |       0 |   0.0
        D:5 |     105 |       0 |   0.0 |       6 |       0 |   0.0
            +---------+---------+-------+---------+---------+-------
